Unix NetHack Version 5.0.0-0 post-release - last build May 10 2026 23:12:36 (d1fa5d53e341ca933230fdaa984d921c805b60aa,branch:main).

Game began 2026-05-15 23:01:15, ended 2026-05-15 23:10:25.

Ackbladder, neutral female gnomish Wizard

                               ---
                               ..|
                               ..|
                              ...--
                              ....----
                  .           .......|
                  -.          .......|
                 --.         .....h..-
                 |...       -........
                  -...------x......-
                   -...............|
                   |......f......-
                   |....<.@a..--
                   ---...*....G-
                     -..........-
                    -.............-
                   ..---...........|
                    -  -.....---..--
                       ......|  ---
                       -.|.---
                       -----
Ackbladder the Conjurer   St:11 Dx:15 Co:12 In:19 Wi:7 Ch:14  Neutral
Dlvl:6  $:33 HP:0(26) Pw:21(29) AC:9  Xp:3 T:1541  Burdened

Latest messages:
 You swap places with Cheops.
 You see here an orange gem.
 Cheops picks up an orange gem.
 Cheops drops an orange gem.
 You fall down the stairs.
 Cheops misses the rock piercer.
 Cheops misses the rock piercer.
 You hit the rock piercer!
 Cheops misses the rock piercer.
 Cheops misses the rock piercer.
 You kill the rock piercer!
 Cheops eats a rock piercer corpse.
 You swap places with Cheops.
 You swap places with Cheops.
 You hit the orc zombie.
 You destroy the orc zombie!
 You see here an orc corpse.
 You destroy the kobold zombie!
 You see here a can of grease.
 You have a little trouble lifting v - a can of grease.
 In what direction? 4
 The boulder falls apart.
 You see here 40 rocks.
 You fall down the stairs.
 Cheops bites the gnome.
 The gnome hits Cheops.
 You swap places with the peaceful gnome.
 A trap door in the ceiling opens and a rock falls on your head!
 Cheops bites the gnome.
 The gnome is killed!
 Cheops bites the giant ant.
 The giant ant bites!
 In what direction? 8
 The spell misses the giant ant.
 Cheops misses the giant ant.
 The giant ant bites!
 The giant ant bites!
 Cheops bites the giant ant.
 The giant ant misses Cheops.
 The giant ant bites!
 The giant ant bites!
 The giant ant bites!
 Cheops bites the giant ant.
 The giant ant is killed!
 The giant ant bites!
 Cheops misses the giant ant.
 The giant ant bites!
 You die...
 Do you want your possessions identified? [ynq] (y) y
 Do you want to see your attributes? [ynq] (y) q

Inventory:
 Coins    ('$')
  $ - 33 gold pieces
 Weapons  (')')
  a - a blessed +1 quarterstaff (weapon in hands)
 Armor    ('[')
  r - a blessed +1 orcish helm
  b - an uncursed +0 cloak of magic resistance (being worn)
 Comestibles  ('%')
  z - an uncursed candy bar labeled "Om-nom"
  u - 3 uncursed food rations
  o - an uncursed fortune cookie
  D - a cursed egg
  x - an uncursed lichen corpse
 Scrolls  ('?')
  i - 3 uncursed scrolls of confuse monster
  W - an uncursed scroll of create monster
  j - an uncursed scroll of enchant armor
  A - a blessed scroll of identify
  k - an uncursed scroll of identify
  U - an uncursed scroll of light
  y - an uncursed scroll of taming
 Spellbooks  ('+')
  X - an uncursed spellbook of charm monster
  R - an uncursed spellbook of confuse monster
  l - a blessed spellbook of force bolt
  m - an uncursed spellbook of haste self
  s - an uncursed spellbook of magic missile
  B - an uncursed spellbook of restore ability
 Potions  ('!')
  g - an uncursed potion of confusion
  f - an uncursed potion of gain ability
  V - an uncursed potion of gain level
  Z - an uncursed potion of hallucination
  t - a blessed potion of healing
  q - a blessed potion of levitation
  S - a cursed potion of monster detection
  h - an uncursed potion of sleeping
 Rings    ('=')
  e - an uncursed ring of conflict
  w - a cursed ring of fire resistance
  d - an uncursed ring of invisibility
  p - a cursed ring of polymorph
 Wands    ('/')
  c - a wand of stasis (0:5)
 Tools    ('(')
  v - a can of grease (0:12)
  n - a magic marker (0:22)
  E - a cursed tallow candle
 Gems/Stones  ('*')
  T - 2 uncursed worthless pieces of blue glass
  Y - an uncursed worthless piece of yellowish brown glass

Ackbladder the Wizard's attributes:

Background:
 You were a Conjurer, a level 3 female gnomish Wizard.
 You were neutral, on a mission for Thoth
 who was opposed by Ptah (lawful) and Anhur (chaotic).
 You were right-handed.
 You were in the Gnomish Mines, on level 6.
 You entered the dungeon 1541 turns ago.
 It was nighttime.
 You had 62 experience points, 18 more were needed to attain level 4.

Basics:
 You had 0 out of 26 hit points.
 You had 21 out of 29 energy points (spell power).
 Your armor class was 9.
 Your wallet contained 33 zorkmids.
 Autopickup was off.

Final Characteristics:
 Your strength was 11 (limit:18/50).
 Your dexterity was 15 (limit:18).
 Your constitution was 12 (limit:18).
 Your intelligence was 19 (limit:19).
 Your wisdom was 7 (limit:18).
 Your charisma was 14 (limit:18).

Final Status:
 You weren't hungry.
 You were burdened; movement was slightly slowed.
 You were wielding a quarterstaff.
 You had basic skill with quarterstaff.

Final Attributes:
 You were devoutly aligned.
 You were magic-protected.
 You had infravision.
 You were warded.
 You are dead.

Miscellaneous:
 You didn't encounter any bones levels.
 Total elapsed playing time was 9 minutes and 10 seconds.

Major events:
 Turn
    1: Ackbladder the neutral female gnomish Wizard entered the dungeon
 1075: attained the rank of Conjurer (level 3)
 1448: entered the Gnomish Mines
 1541: killed by a giant ant

Spells:
 Name                 Level Category     Fail Retention
 force bolt             1   attack         0%  91%-100%
 haste self             3   escape        72%  76%-100%
 magic missile          2   attack         0%  91%-100%
 confuse monster        1   enchantment    0%  91%-100%
 charm monster          5   enchantment   85%  91%-100%

Skills:
 Fighting Skills
   bare handed combat [Unskilled]
   riding             [Unskilled]
 Weapon Skills
   dagger             [Unskilled]
   knife              [Unskilled]
   axe                [Unskilled]
   short sword        [Unskilled]
   club               [Unskilled]
   mace               [Unskilled]
   quarterstaff       [Basic]
   polearms           [Unskilled]
   spear              [Unskilled]
   trident            [Unskilled]
   sling              [Unskilled]
   dart               [Unskilled]
   shuriken           [Unskilled]
 Spellcasting Skills
   attack spells      [Basic]
   healing spells     [Unskilled]
   divination spells  [Unskilled]
   enchantment spells [Basic]
   clerical spells    [Unskilled]
   escape spells      [Unskilled]
   matter spells      [Unskilled]

Voluntary challenges:
 Character rerolling was not enabled.
 You never genocided any monsters.
 You never polymorphed an object.
 You never changed form.
 You used no wishes.
Achievements:
 You entered a shop.
 You attained the rank of Conjurer.
 You entered the Gnomish Mines.

 The Dungeons of Doom: levels 1 to 4
    Level 1:
    Level 2:
       A general store, a fountain.
    Level 3:
       Some fountains, a grave.
    Level 4:
       A fountain.
       Stairs down to The Gnomish Mines.
 The Gnomish Mines: levels 5 to 6
    Level 5:
    Level 6: <- You were here.
       Final resting place for
          you, killed by a giant ant.


Vanquished creatures:
  a rock piercer
  a giant ant
 an orc zombie
 an acid blob
  a large kobold
  a gnome
  2 geckos
  5 jackals
  a fox
  a goblin
  3 grid bugs
  a bat
  4 lichens
  2 kobold zombies
  5 newts
30 creatures vanquished.

No species were genocided or became extinct.

Game over:
                       ----------
                      /          \
                     /    REST    \
                    /      IN      \
                   /     PEACE      \
                  /                  \
                  |    Ackbladder    |
                  |      33 Au       |
                  |   killed by a    |
                  |    giant ant     |
                  |                  |
                  |                  |
                  |       2026       |
                 *|     *  *  *      | *
        _________)/\\_//(\/(/\)/\//\/|_)_______

Goodbye Ackbladder the Wizard...

You died in The Gnomish Mines on dungeon level 6 with 528 points,
and 33 pieces of gold, after 1541 moves.
You were level 3 with a maximum of 26 hit points when you died.

